Map: Odyssey LE

Players

Bung

  • Race: Zerg Zerg
  • Spawn Location: 11:00

Yata - Winner!

  • Race: Zerg Zerg
  • Spawn Location: 5:00

VOD

Have the link to the VOD?

Description

Time

  • Played on: July 6, 2017, 8:30 p.m.
  • Length: 5:48
Show
View Real Time Build Order
Export as new Build Order

Bung Zerg 

Build Orders: 3 Hatch before Pool 

Get SALT Encoding   

  12  0:11  Drone x2  
  14  0:43  Overlord  
  15  1:11  Drone x2  
  15  1:12  Drone  
  17  1:30  Hatchery  
  17  1:45  Hatchery  
  16  2:03  Drone x3  
  19  2:21  Drone  
  20  2:32  Extractor  
  19  3:31  Drone  
  19  3:32  Drone  
  21  3:59  Spawning Pool  
  20  4:18  Drone  
  21  4:51  Zergling x2  
  21  4:52  Zergling x4  
  24  4:55  Zergling x6  
Show
View Real Time Build Order
Export as new Build Order

Yata Zerg - Winner!

Build Orders: Hatch First 

Get SALT Encoding   

  12  0:01  Drone  
  13  0:12  Overlord  
  13  0:24  Drone  
  14  0:30  Drone x2  
  16  0:40  Drone  
  17  0:48  Drone  
  18  0:57  Hatchery  
  18  0:59  Drone  
  18  1:04  Extractor  
  17  1:17  Spawning Pool  
  16  1:20  Drone  
  16  1:22  Drone  
  18  1:30  Drone  
  19  1:39  Overlord  
  19  2:04  Queen  
  19  2:07  Zergling x2  
  19  2:08  Zergling x2  
  23  2:24  Queen  
  25  2:36  Drone x4  
  25  2:37  Drone x2  
  31  2:40  Metabolic Boost  
  31  2:46  Queen  
  33  2:53  Drone x2  
  35  2:59  Drone  
  35  3:00  Drone, Baneling Nest  
  36  3:10  Overlord x2  
  36  3:30  Drone  
  36  3:31  Drone x3  
  40  3:50  Extractor  
  40  3:51  Drone x2  
  40  3:52  Drone  
  42  4:04  Zergling x2  
  42  4:05  Zergling x10  
  48  4:11  Hatchery  
  47  4:53  Baneling x3  
  47  4:54  Baneling x4  
  47  4:57  Drone x4  
  51  5:11  Overlord x2  
  51  5:12  Overlord x2  
  47  5:30  Drone  
Tags
 
Matchup
ZvZ
Race
Zerg
Replay Pack
Pack 1
Spawn Locations
Cross Positions
Add a new tag
Caveats
  • Supply blocks, unpowered buildings, or Contaminate may cause inaccurate times.
  • Supply counts are checked every 10 seconds.